Cogmind - Beta 15 --- EXPLORER MODE // 2025.07.06 @ 21:01:32 // Winter2019/RPGLIKE Player: User15V Result: Self-destructed Performance ------------- Evolutions (0) 0 Regions Visited (3) 600 Robots Destroyed (10) 50 Value Destroyed (208) 208 Prototype IDs (19) 380 Alien Tech Used (0) 0 Bonus (393) 393 TOTAL SCORE: 1631 Bonus ------- Follower Combat Kills 93 Registered with UFD 300 Cogmind --------- Core Integrity 600/600 Matter 300/300 Energy 125/125 System Corruption 0% Temperature Cool (0) Movement Flying (37) Location -7/Scraptown Parts ------- > --- POWER (1) -------- Light Ion Engine > --- PROPULSION (3) --- Flight Unit Flight Unit > --- UTILITY (3) ------ Improved Terrain Scanner Makeshift Hacking Suite V3-11A's Pendant > --- WEAPON (2) ------- Assault Rifle Mining Laser > --- INVENTORY (4) ---- Assault Rifle Assault Rifle Light Assault Rifle Peak State ------------ > --- POWER ------------ Light Ion Engine > --- PROPULSION ------- Flight Unit Flight Unit > --- UTILITY ---------- Improved Terrain Scanner Makeshift Hacking Suite V3-11A's Pendant > --- WEAPON ----------- Assault Rifle Mining Laser > --- INVENTORY -------- Assault Rifle Assault Rifle Light Assault Rifle [Rating: 15] Favorites ----------- Power Light Ion Engine Engine Light Ion Engine Propulsion Flight Unit Leg Aluminum Leg Wheel Wheel Flight Unit Flight Unit Utility Improved Terrain Scanner Device Improved Terrain Scanner Processor Targeting Computer Hackware Makeshift Hacking Suite Protection Utility Shielding Weapon Assault Rifle Ballistic Gun Assault Rifle Special Weapon Mining Laser Build | -11 -10 -10 -7 ------- Run | Yrd Mat Sub Scr Slots Evolved 5 | 5 . . . Power . | . . . . Propulsion 2 | 2 . . . Utility 2 | 2 . . . Weapon 1 | 1 . . . Parts Attached 15 | 8 4 3 . Power . | . . . . Engine . | . . . . Core . | . . . . Reactor . | . . . . Propulsion 6 | 4 2 . . Treads . | . . . . Leg 1 | 1 . . . Wheel 3 | 3 . . . Hover . | . . . . Flight 2 | . 2 . . Utility 5 | 3 . 2 . Device 3 | 2 . 1 . Storage . | . . . . Processor 1 | 1 . . . Hackware 1 | . . 1 . Protection . | . . . . Artifact . | . . . . Weapon 4 | 1 2 1 . Energy Gun . | . . . . Energy Cannon . | . . . . Ballistic Gun 3 | 1 1 1 . Ballistic Cannon . | . . . . Launcher . | . . . . Special Weapon 1 | . 1 . . Impact Weapon . | . . . . Slashing Weapon . | . . . . Piercing Weapon . | . . . . Special Melee Weapon . | . . . . Unidentified Prototypes 1 | . . 1 . Parts Lost . | . . . . Power . | . . . . Propulsion . | . . . . Utility . | . . . . Weapon . | . . . . Highest Loss Streak . | . . . . To Critical Strikes . | . . . . Average Backups 2 | 1 2 3 3 Power . | . . . . Propulsion . | . . . . Utility . | . . . . Weapon 2 | 1 2 3 3 Tool/Special . | . . . . Unused Backups 2 | . . 1 1 Power 1 | . . 1 . Propulsion . | . . . . Utility . | . . . . Weapon 1 | . . . 1 Tool/Special . | . . . . Average Slot Usage (%) 86 | . 81 86 88 Engine 11 | . 11 11 11 Flight 21 | . 17 22 22 Device 20 | . 13 20 22 Processor 8 | . 11 9 . Hackware 2 | . . 1 11 Ballistic Gun 14 | . 21 14 11 Special Weapon 7 | . . 7 11 Peak Build Rating 15 | 11 11 15 15 Average Rating 11 | 6 9 12 15 On Entrance 9 | 4 11 9 15 Naked Turns . | . . . . Heaviest Build 9 | 9 9 9 8 Greatest Support 30 | 30 30 8 8 Greatest Overweight (x) 2 | . 2 1 . Average Overweight (x) . | . . . . Largest Inventory Capacity 4 | 4 4 4 4 Average Capacity 4 | 4 4 4 4 Most Carried 4 | 4 4 4 3 Average Carried 2 | 1 2 3 3 Final Capacity 4 | 4 4 4 4 Final Carried 3 | 2 3 3 3 Class Distribution -------------------- 94% | Hacker-Mutant 5% | Scavenger-Mutant Dominant Class ---------------- Hacker-Mutant | -10/Materials Hacker-Mutant | -10/Subcaves Hacker-Mutant | -7/Scraptown Resources | -11 -10 -10 -7 ----------- Run | Yrd Mat Sub Scr Matter Collected 498 | 292 72 134 . Remotely . | . . . . Salvage Created 366 | 118 46 202 . Parts 25 | 11 4 10 . Haulers Intercepted . | . . . . Recyclers Shooed . | . . . . Parts Field Recycled . | . . . . Retrieved Matter . | . . . . Parts Self-Destructed . | . . . . Prevented . | . . . . Kills | -11 -10 -10 -7 ------- Run | Yrd Mat Sub Scr Combat Hostiles Destroyed 6 | . 2 4 . Guns 6 | . 2 4 . Classes Destroyed 5 | 2 1 2 . Tunneler 3 | 3 . . . Recycler 1 | 1 . . . Swarmer 2 | . 2 . . Grunt 2 | . . 2 . Subdweller 2 | . . 2 . Best Kill Streak 3 | 3 2 2 . Combat Bots Only 2 | . 2 2 . Max Kills in Single Turn 1 | 1 1 1 . Gunslinging . | . . . . Exploded . | . . . . Melee . | . . . . Uniques/NPCs Destroyed . | . . . . Combat | -11 -10 -10 -7 -------- Run | Yrd Mat Sub Scr Hostile Shots Fired 30 | . 4 26 . Missed 12 | . 2 10 . Hits 18 | . 2 16 . Projectile 18 | . 2 16 . AOE 3 | . . 3 . Damage Taken 239 | . 6 233 . Core 204 | . 4 200 . Absorbed by Shields . | . . . . Redirected to Core 114 | . 4 110 . Ignored by Resistances 147 | . 6 141 . Core Remaining (%) 100 | 100 . . . Volleys Fired 53 | 7 3 43 . Largest 2 | 2 2 2 . Hottest 100 | 40 100 100 . Shots Fired 76 | 14 5 57 . Gun 46 | 14 4 28 . Cannon . | . . . . Launcher . | . . . . Special 30 | . 1 29 . Kinetic 46 | 14 4 28 . Thermal 30 | . 1 29 . Explosive . | . . . . Electromagnetic . | . . . . Robot Hit Streak 14 | 9 2 14 . Robot Miss Streak 2 | 1 1 2 . Penetration Max . | . . . . Secondary Targets . | . . . . Shots Hit Robots 35 | 10 2 23 . Core Hits 15 | 4 2 9 . Critical Kills . | . . . . Critical Parts Destroyed . | . . . . Critical Strikes . | . . . . Melee Attacks . | . . . . Impact . | . . . . Slashing . | . . . . Piercing . | . . . . Sneak Attacks . | . . . . Combat Hostiles . | . . . . Follow-up Attacks . | . . . . Damage Inflicted 431 | 150 24 257 . Guns 431 | 150 24 257 . Cannons . | . . . . Explosions . | . . . . Melee . | . . . . Ramming . | . . . . Kinetic 431 | 150 24 257 . Thermal . | . . . . Explosive . | . . . . Electromagnetic . | . . . . Impact . | . . . . Slashing . | . . . . Piercing . | . . . . Highest Corruption . | . . . . Average Corruption . | . . . . Corruption Purged . | . . . . Corruption Blocked . | . . . . Overload Shots . | . . . . Overflow Damage . | . . . . Projectiles . | . . . . Explosions . | . . . . Melee . | . . . . Knockbacks . | . . . . Impact . | . . . . Kinetic . | . . . . Secondary . | . . . . Self-Inflicted Damage . | . . . . Shots . | . . . . Rammed . | . . . . Targets Rammed . | . . . . Kicked . | . . . . Crushed . | . . . . Highest Temperature 28 | . 28 . . Average Temperature 17 | . 17 . . Received Heat Transfer 102 | . . 102 . Siege Activations . | . . . . Martial Activations . | . . . . Shielding Activations . | . . . . Robots Disrupted . | . . . . Combat Hostiles . | . . . . Robots Corrupted . | . . . . Combat Hostiles . | . . . . Parts Fried . | . . . . Impact Corruptions . | . . . . Robots Melted . | . . . . Combat Hostiles . | . . . . Parts Melted . | . . . . Heat Transferred . | . . . . Parts Sabotaged . | . . . . Parts Stolen . | . . . . Parts Stripped . | . . . . Power Chain Reactions . | . . . . Alert | -11 -10 -10 -7 ------- Run | Yrd Mat Sub Scr Maximum Alert Level . | . . . . Low Security (%) 100 | 100 100 . . Level 1 . | . . . . Level 2 . | . . . . Level 3 . | . . . . Level 4 . | . . . . Level 5 . | . . . . High Security . | . . . . Max Security . | . . . . Peak Influence 50 | 10 50 . . Initial . | . . . . Average 6 | 1 9 . . Influence Increases 143 | 20 50 73 . Destroy 0b10 Robot/C 100 | . 40 60 . Destroy 0b10 Robot/NC 20 | 20 . . . Destroy Leader 20 | . 10 10 . Allied During Kill 3 | . . 3 . Influence Decreases 143 | 20 50 73 . Time Decay 143 | 20 50 73 . Squads Dispatched . | . . . . Investigation . | . . . . Extermination . | . . . . Reinforcement . | . . . . Assault . | . . . . Garrison . | . . . . Intercept . | . . . . Searches Triggered . | . . . . Construction Impeded . | . . . . Haulers Reinforced . | . . . . Active Scanning Responses . | . . . . Cargo Convoy Interrupts . | . . . . Stealth | -11 -10 -10 -7 --------- Run | Yrd Mat Sub Scr Distress Signals . | . . . . Communications Jammed . | . . . . Distress Signals . | . . . . Times Spotted 11 | . 2 9 . Peak Tracking Total 2 | . 2 2 . Tactical Retreats . | . . . . Traps | -11 -10 -10 -7 ------- Run | Yrd Mat Sub Scr Traps Triggered . | . . . . Indirectly . | . . . . Trap Hack Attempts . | . . . . Triggered . | . . . . Disarmed . | . . . . Reprogrammed . | . . . . Reused . | . . . . Traps Extracted . | . . . . Installed . | . . . . Triggered . | . . . . Machines | -11 -10 -10 -7 ---------- Run | Yrd Mat Sub Scr Machines Disabled . | . . . . Max in Single Turn . | . . . . Machines Repaired . | . . . . Machines Dismantled . | . . . . Machines Sabotaged . | . . . . Overloaded Fab Kills . | . . . . Hacking | -11 -10 -10 -7 --------- Run | Yrd Mat Sub Scr Machines Accessed 5 | . . 2 3 Terminals . | . . . . Fabricators . | . . . . Repair Stations . | . . . . Recycling Units . | . . . . Scanalyzers . | . . . . Garrison Access . | . . . . Total Hacks 18 | . . 6 12 Successful 18 | . . 6 12 Failed . | . . . . Catastrophic . | . . . . Database Lockouts . | . . . . Manual . | . . . . Terminals . | . . . . Fabricators . | . . . . Repair Stations . | . . . . Recycling Units . | . . . . Scanalyzers . | . . . . Garrison Access . | . . . . Terminal Hacks 18 | . . 6 12 Record 16 | . . 5 11 Proto ID Catalog 2 | . . 1 1 Fabricator Hacks . | . . . . Repair Station Hacks . | . . . . Recycling Unit Hacks . | . . . . Scanalyzer . | . . . . Garrison Access Hacks . | . . . . Unauthorized Hacks . | . . . . Terminals . | . . . . Fabricators . | . . . . Repair Stations . | . . . . Recycling Units . | . . . . Scanalyzers . | . . . . Garrison Access . | . . . . Data Cores Recovered . | . . . . Used . | . . . . Hacking Detections . | . . . . Full Trace Events . | . . . . Feedback Events . | . . . . Feedback Blocked . | . . . . Robot Schematics Acquired . | . . . . Robots Built . | . . . . Authchips . | . . . . Time . | . . . . Total Robot Build Rating . | . . . . Part Schematics Acquired . | . . . . Parts Built . | . . . . Authchips . | . . . . Time . | . . . . Total Part Build Rating . | . . . . Parts Repaired . | . . . . Time . | . . . . Parts Recycled . | . . . . Recycled Matter . | . . . . Retrieved Matter . | . . . . Retrieved Components . | . . . . Parts Scanalyzed . | . . . . Part Schematics Acquired . | . . . . Parts Damaged . | . . . . Bothacking | -11 -10 -10 -7 ------------ Run | Yrd Mat Sub Scr Used RIF Installer . | . . . . Robots Hacked . | . . . . Non-combat . | . . . . Combat . | . . . . Robot Hacks Applied . | . . . . Relay Couplers Released . | . . . . Fabnet Peak Effective % . | . . . . Robots Rewired . | . . . . Allies Hacked . | . . . . Hacks Repelled . | . . . . Allies | -11 -10 -10 -7 -------- Run | Yrd Mat Sub Scr Total Allies 7 | . . 7 . Largest Group 5 | . . 5 2 Highest-Rated Group 95 | . . 95 38 Highest-Rated Ally 19 | . . 19 19 Total Orders . | . . . . Ally Attacks 24 | . . 24 . Total Damage 480 | . . 480 . Kills 5 | . . 5 . Allies Corrupted . | . . . . Allies Melted . | . . . . Intel | -11 -10 -10 -7 ------- Run | Yrd Mat Sub Scr Active Infowar (turns) 2131 | 9 170 1699 253 Terrain 2131 | 9 170 1699 253 Seismic 40 | 8 32 . . Robot Analysis Total . | . . . . Derelict Logs Recovered 2 | . . 2 . Drone Launches . | . . . . Drone Recoveries . | . . . . Exploration | -11 -10 -10 -7 ------------- Run | Yrd Mat Sub Scr Turns Passed 2227 | 105 170 1699 253 Spaces Moved 2195 | 50 54 1645 446 Core 1 | . 1 . . Treads . | . . . . Legs 34 | 34 . . . Wheels 39 | 16 23 . . Hover . | . . . . Flight 2121 | . 30 1645 446 Fastest Speed 37 | 80 37 37 37 Average Speed 39 | 107 57 37 37 Slowest Speed 150 | 120 150 117 37 Overloaded Moves . | . . . . Propulsion Burnouts . | . . . . Robots Hopped 4 | . . 2 2 Potential Cave-ins . | . . . . Cave-ins Triggered . | . . . . Exploration Rate (%) 37 | 3 15 90 42 Regions Visited 3 Branch Regions 2 Pre-discovered Areas 2 | . . 1 1 Known Exits Taken 2 | 1 1 . . Unknown Exits Taken 1 | . . 1 . Scrap Searched 1 | . . 1 . Spaces Dug . | . . . . Terrain Destroyed . | . . . . Melee . | . . . . Projectile . | . . . . AOE . | . . . . Terrain Rammed . | . . . . Walls Destroyed . | . . . . Machines Disabled . | . . . . Actions | -11 -10 -10 -7 --------- Run | Yrd Mat Sub Scr Total 3423 | 88 187 2617 531 Wait 1128 | 12 118 911 87 Move 2186 | 49 53 1641 443 Hop 2 | . . 1 1 Pick Up 15 | 9 4 2 . Fast Attach 1 | 1 . . . Attach 12 | 7 3 2 . Detach . | . . . . Swap 5 | . 1 4 . Drop 9 | 3 5 1 . Fire 53 | 7 3 43 . Melee . | . . . . Ram . | . . . . Kick . | . . . . Crush . | . . . . Escape Stasis . | . . . . Rewire . | . . . . Trap . | . . . . Miscellaneous 12 | . . 12 . Route ------- -11/Scrapyard -10/Materials -10/Subcaves (discovered 4 exits: *Mat x2 / Rec / *Scr) -7/Scraptown (discovered 1 exit: Fac) History --------- Turn | Location | Event 1 | -11/Scrapyard | Upgraded with Propulsion slot (x2) 1 | -11/Scrapyard | Upgraded with Utility slot (x2) 1 | -11/Scrapyard | Upgraded with Weapon slot (x1) 1 | -11/Scrapyard | Identified exit to Materials 1 | -11/Scrapyard | Discovered exit to Materials (range 1) 106 | -11/Scrapyard | Entered Materials 107 | -10/Materials | Identified exit to Subcaves 107 | -10/Materials | Discovered exit to Subcaves (range 10) 276 | -10/Materials | Entered Subcaves 277 | -10/Subcaves | Approached by a straggling Scientist 281 | -10/Subcaves | Learned location of 1 exit from Materials 302 | -10/Subcaves | Identified exit to Materials 302 | -10/Subcaves | Discovered exit to Materials (range 15) 430 | -10/Subcaves | Build established: Hacker-Mutant 439 | -10/Subcaves | Visited triangular shrine 441 | -10/Subcaves | Found Prototype Device 442 | -10/Subcaves | Identified V3-11A's Pendant 447 | -10/Subcaves | Befriended Subdweller 481 | -10/Subcaves | Scientist uncovered a shortcut to Scraptown 487 | -10/Subcaves | Befriended Subdweller 487 | -10/Subcaves | Befriended Subdweller 622 | -10/Subcaves | Befriended Subdweller 622 | -10/Subcaves | Befriended Subdweller 825 | -10/Subcaves | Discovered exit to Materials (range 8) 872 | -10/Subcaves | Befriended Subdweller 937 | -10/Subcaves | Reached level 2 957 | -10/Subcaves | Befriended Subdweller 1222 | -10/Subcaves | Identified exit to Recycling 1222 | -10/Subcaves | Discovered exit to Recycling (range 11) 1327 | -10/Subcaves | Learned Materials emergency access door positions 1465 | -10/Subcaves | A swath of the cavern ceiling suddenly collapsed 1492 | -10/Subcaves | Shifting Twisted Machinery released Mak. Laser 1493 | -10/Subcaves | Shifting Twisted Machinery released Sub. Laser 1700 | -10/Subcaves | Visited Clippyterm 1702 | -10/Subcaves | Learned Research security intel 1702 | -10/Subcaves | Learned location of Extension (-5) 1726 | -10/Subcaves | Shifting Twisted Machinery released Flamer 1727 | -10/Subcaves | Shifting Twisted Machinery released Mak. Hacking Suite 1919 | -10/Subcaves | Visited 4L-MR0's lab 1975 | -10/Subcaves | Entered Scraptown 1975 | -7/Scraptown | Accompanied by 2 allies 1977 | -7/Scraptown | Reached level 3 1977 | -7/Scraptown | Reached level 4 2026 | -7/Scraptown | Visited IN-MT5's Study 2033 | -7/Scraptown | Visited Awakened 2040 | -7/Scraptown | Visited Assassins FH 2049 | -7/Scraptown | Visited UFD Registry 2049 | -7/Scraptown | Registered with UFD as "Roughdisc" 2049 | -7/Scraptown | Reached level 5 2061 | -7/Scraptown | Visited Cyclists 2064 | -7/Scraptown | Entered Cyclist Reading Room 2094 | -7/Scraptown | Visited Sword Containment 2146 | -7/Scraptown | Visited Modified Component R&D 2148 | -7/Scraptown | Identified exit to Factory 2148 | -7/Scraptown | Discovered exit to Factory (range 16) 2181 | -7/Scraptown | Visited Science Guys 2211 | -7/Scraptown | Visited Junk Repository 2216 | -7/Scraptown | Visited Curators Association 2228 | -7/Scraptown | Self-destructed Last Messages --------------- Thermal Lance Mindflail Acceleration Regulator Hcp. Trap Extractor Preattuning Coils Mak. Powered Armor Regenerative Guardplate Interdictor 741C Chamberscale Vortex Pulse Array Cloaking Wrap 02211_ LOCAL NARROWCAST: Repository. 02216_ LOCAL NARROWCAST: Curators Association. Welcome to the latest exhibit, look but don't touch. Q4-VH1(c): This piece is on loan from an esteemed patron. They were unwilling to reveal its origin, but praised it as the future of leg locomotion. 02227_ LOCAL NARROWCAST: Closed for remodeling. Map ----- +----------------------------------------------------+ | # #########" | | # ##?##"""" """"""""""""""""""""""""" | | # #####"""" """"""""""""""""""""""""" | | # #####"""" ""###### ############### | | # #####"""" ""#? ##??###### | | # #####"""" ""# ?? X"#?####### | | # ###"#"""" ""# "" "" ??########## | | # ""#"#"""" ""# "" ""????##??#### | | # """"#"""" ""# " ?? ?#?####### | | # ""#######" "" "" ??? | | # #########" "" ""? | | # #########" ""# " "? ######### | | ""# ""? "" "?#?####### | | # ""# ? "" ""????#??####?# | | # ""# ?X"######?## | | # ""# ?? ? ##??##?#?# | | # ""###### ############### | | """"""""""""""""""""""""" | | """"""""""""""""""""""""" | | | | | | | | #""""#" | | #"?""#" | | #""""#"""""" """"""""""" """"""""""" | | ####### ####"? "#######@########### ########### | | # ####"?""?##??"""""""?#" "## | | "# ####""?"?## ###"" ""### | | ##?" "# ##??""?"#?# " #?#&" "[### # | | " # "# #?#?" ?"#?# " " " ###"" ""###!=# ! | | ??"?"# #?#?"?????# " " "##" "## # ] | | ""#"?"# ####?????##?" " "?##"" ""######## | | #?#??"? #???????#?#? " " "###]" "=######?# | | ? ????? #???????????"""" ""???#"" ""#?###### | | ?"???"????????"????#???#####?###" """ "######? | | ?#?#??# ? ????#??#???????##??###### "!" ####?##### | | ##???????????????#?????#??##??### #"###"#?######## | | ?????????????????????????#?#?#?##?##?####?#???#?## | | ?????????????????????#?#??###???#??###??#?#####?## | | ???????????????????? ?????????#???????????""?##""? | | ?????????????????????????????"#? ????"???????##?"? | | ???????????????????????????????????? ? ?? ?? ? | | ?????????????????????????????????? ??? ?? ???? ??? | | ?????????????????????????????? ????? ??? ?????? ?? | | ????????????????????????????????????????????"???? | | ?????????????????????????????????????????????????? | | ??????????????????????????????????????????#??????? | | ??????????????????????????????????????#??????????? | | ?????????????????????????????????????????????????? | | ?????????????????????????????????????????????????? | +----------------------------------------------------+ Best States ------------- Heat Dissipation 25 Energy Generation 10 Energy Capacity 125 Matter Stores 300 Matter Capacity 300 Sight Range 16 Terrain Scan Range 16 Terrain Scan Density 610 Resistance: KI 35 Resistance: TH 35 Resistance: EX 35 Resistance: EM 35 Resistance: I 35 Resistance: S 35 Resistance: P 35 Utility Shielding 33 Evasion (%) 62 Targeting Accuracy 5 Offensive Hacking 31 Item Schematics ----------------- None Robot Schematics ------------------ None Fabricated ------------ Nothing Repaired ---------- Nothing Alien Tech Used ----------------- None Achievements -------------- None Challenges ------------ None RPGLIKE | -11 -10 -10 -7 --------- Run | Yrd Mat Sub Scr Levels Raised 4 | . . 1 3 XP Earned 12422 | 6000 250 1396 4776 XP Spent 6500 | 5870 . 630 . Upgrades 15 | 12 . 3 . Propulsion Slot 2 | 2 . . . Utility Slot 2 | 2 . . . Weapon Slot 1 | 1 . . . Inventory Capacity 4 | 4 . . . Terrain Scan Density 6 | 3 . 3 . Protomatter Created 33 | . . 33 . Integrity Restored 241 | . . 241 . Core 204 | . . 204 . Parts 37 | . . 37 . Protomatter Decayed 103 | . . 103 . Game ------ Seed OmegaJammingInitializer Manual? 0 Play Time 00:14:05 Cumulative 980.4 hours Start 2025.07.06 @ 20:49:01 End 2025.07.06 @ 21:01:32 Sessions 1 Manual Loads 0 Difficulty Explorer Special Mode Winter2019/RPGLIKE Game No. 273 Rogue 104 Adventurer 111 Explorer 58 Win Type - Total 46 Types 21/8/1/7/2/1/1/1/1/3 Lore% 95 Gallery% 98 Achievement% 96 Wizard Run 0 Options --------- Layout 2 ASCII 0 Keyboard 0 Movement Mouse Keybinds 0 Fullscreen 2 Font 24/Smallcaps Map View 50x44 Zoom Use 0% Tactical HUD 1 Map Filters NONE Filters NONE Steam 1 RUN: 7d2c5c50-0487-4a63-82a8-00d410faad5f